 Dungeon Crawl Stone Soup version 0.19.3-1-g3169bf9 (webtiles) character file.

550 Naow the Grave Robber (level 7, -4/57 HPs)
             Began as a Deep Dwarf Necromancer on Jan 23, 2017.
             Was an Initiate of Makhleb.
             Shot with an arrow by a centaur (11 damage)
             ... on level 5 of the Dungeon.
             The game lasted 00:15:29 (5677 turns).

Naow the Grave Robber (Deep Dwarf Necromancer)      Turns: 5677, Time: 00:15:30

Health: -4/57      AC:  3    Str: 11    XL:     7   Next: 7%
Magic:  12/12      EV: 13    Int: 18    God:    Makhleb [......]
Gold:   268        SH:  0    Dex: 13    Spells: 3 memorised, 5 levels left

rFire  . . .     SeeInvis .     g - +2 short sword (freeze)
rCold  . . .     Gourm    .     a - +0 robe
rNeg   . . .     Faith    .     (no shield)
rPois  .         Spirit   .     (no helmet)
rElec  .         Reflect  .     (no cloak)
rCorr  .         Harm     .     (no gloves)
MR     +....                    o - +0 pair of boots
Stlth  +++.......               (no amulet)
                                (no ring)
                                l - ring of stealth

@: non-regenerating
A: damage resistance, recharge devices, sense surroundings 1, slow regeneration
3
a: Device Recharging, Renounce Religion


You were on level 5 of the Dungeon.
You worshipped Makhleb.
Makhleb was noncommittal.
You were not hungry.

You visited 2 branches of the dungeon, and saw 6 of its levels.

You collected 268 gold pieces.

Inventory:

Hand Weapons
 f - a +0 short sword
 g - a +2 short sword of freezing (weapon)
Armour
 a - a +0 robe (worn)
 o - a +0 pair of boots (worn)
Jewellery
 l - a ring of stealth (left hand)
 w - an uncursed ring of magical power {unknown}
Wands
 c - a wand of heal wounds (5/9)
Scrolls
 h - a scroll of recharging {unknown}
 k - a scroll of fog {unknown}
 r - a scroll of enchant armour {unknown}
 s - a scroll of remove curse {unknown}
 u - a scroll of amnesia {unknown}
 v - 4 scrolls of identify
 y - a scroll of silence {unknown}
Potions
 e - 2 potions of heal wounds
 i - 2 potions of mutation {unknown}
 j - a potion of haste
 m - a potion of cure mutation {unknown}
 n - 4 potions of curing
 p - a potion of ambrosia {unknown}
 t - a potion of brilliance {unknown}
 z - 2 potions of berserk rage {unknown}
Books
 b - a book of Necromancy

   Spells                             Type                      Level
   a - Pain                           Necromancy                   1
   b - Animate Skeleton               Necromancy                   1
   c - Vampiric Draining              Necromancy                   3
   d - Regeneration                   Charms/Necromancy            3
   e - Animate Dead                   Necromancy                   4
   f - Control Undead                 Necromancy                   4
Comestibles
 d - 3 bread rations
 q - a meat ration
 x - 5 chunks of flesh


   Skills:
 + Level 1.1 Fighting
 + Level 2.9 Dodging
 - Level 2.4 Stealth
 + Level 3.8 Spellcasting
 * Level 7.7 Necromancy


You had 5 spell levels left.
You knew the following spells:

 Your Spells              Type           Power        Failure   Level  Hunger
a - Pain                  Necr           ####         1%          1    None
b - Vampiric Draining     Necr           ####......   1%          3    ###....
c - Animate Dead          Necr           N/A          8%          4    ####...


Dungeon Overview and Level Annotations

Branches:
Dungeon (5/15)             Temple (1/1) D:4

Altars:
Ashenzari
Cheibriados
Dithmenos
Fedhas
Makhleb
Nemelex Xobeh
Okawaru
Qazlal
Ru
Sif Muna
Xom
Yredelemnul
Zin
The Shining One
Lugonu

Annotations:
D:3 Grinder


Innate Abilities, Weirdness & Mutations

You are resistant to damage.
You can recharge devices by infusing magical energy.
You passively map a small area around you.
You do not regenerate.


Message History

The gnoll shaman moves out of view.
No target in view!
No target in view!
You hear the rusting of a drain nearby.
A centaur comes into view.
The centaur shouts!
The centaur wields a runed shortbow.
It bursts into flame!
The centaur shoots an arrow.
The arrow hits you! The arrow burns you!
* * * LOW HITPOINT WARNING * * *
You see here an arrow.
You are too injured to fight recklessly!
You are too injured to fight recklessly!
You are too injured to fight recklessly!
The centaur shoots an arrow.
The arrow hits you!
* * * LOW HITPOINT WARNING * * *
The arrow burns you.
* * * LOW HITPOINT WARNING * * *
You see here an arrow.
The centaur shoots an arrow.
The arrow hits you!
You die...

.....##
#.##...##
.....#
#.##...#
##.###
#.##...#
#.# * *
###.##...#
* ,
.........#
,
.#####..##
#.(##
###.(.## *
#...@..#
#.#...##
#.#.c## ,
*# #.## *
.. ...* ,*
..# * ,
#.# *


You could see a centaur.

Vanquished Creatures
  A centaur (D:5)
  2 howler monkeys (D:4)
  2 crimson imps
  Ijyb (D:3)
  3 worker ants (D:4)
  7 gnolls
  7 adders
  An adder skeleton (D:4)
  A worm (D:2)
  4 dart slugs
  8 orcs
  9 bats
  5 giant cockroaches
  5 goblins
  9 hobgoblins
  9 jackals
  3 quokkas
  3 ball pythons
  4 frilled lizards
  6 kobolds
  A leopard gecko zombie (D:5)
  7 rats
98 creatures vanquished.

Vanquished Creatures (others)
  A plant (D:3)
1 creature vanquished.

Grand Total: 99 creatures vanquished

Notes
Turn   | Place    | Note
-------+----------+-------------------------------------------
     0 | D:1      | Naow the Deep Dwarf Necromancer began the quest for the Orb.
     0 | D:1      | Reached XP level 1. HP: 15/15 MP: 3/3
   227 | D:1      | Reached XP level 2. HP: 22/22 MP: 0/5
   697 | D:1      | Reached skill level 5 in Necromancy
  1034 | D:2      | Reached XP level 3. HP: 24/28 MP: 1/6
  1115 | D:2      | Found a faded altar of an unknown god.
  1127 | D:2      | Learned a level 3 spell: Vampiric Draining
  1322 | D:2      | Found a deep blue altar of Sif Muna.
  1852 | D:2      | Reached XP level 4. HP: 36/36 MP: 5/7
  2088 | D:2      | Reached skill level 6 in Necromancy
  2601 | D:3      | Noticed Grinder
  2742 | D:3      | Found a blossoming altar of Fedhas.
  2744 | D:3      | Noticed Ijyb
  2755 | D:3      | Killed Ijyb
  2755 | D:3      | Reached XP level 5. HP: 24/42 MP: 1/9
  3187 | D:4      | Noticed a phantom
  3239 | D:3      | Reached skill level 7 in Necromancy
  3239 | D:3      | Reached XP level 6. HP: 24/49 MP: 2/10
  3303 | D:3      | Found a faded altar of an unknown god.
  3303 | D:3      | Found a sparkling altar of Nemelex Xobeh.
  3334 | D:3      | Found a faded altar of an unknown god.
  3337 | D:3      | Found a faded altar of an unknown god.
  3338 | D:3      | Found a faded altar of an unknown god.
  3373 | D:3      | Found a stormy altar of Qazlal.
  4046 | D:3      | Paralysed by Grinder for 5 turns
  4066 | D:3      | Learned a level 4 spell: Animate Dead
  4640 | D:4      | Found an iron altar of Okawaru.
  4879 | D:4      | Reached skill level 1 in Fighting
  5018 | D:4      | Found a staircase to the Ecumenical Temple.
  5027 | Temple   | Entered the Ecumenical Temple
  5134 | Temple   | Became a worshipper of Makhleb the Destroyer
  5365 | D:5      | Entered Level 5 of the Dungeon
  5378 | D:5      | Reached XP level 7. HP: 20/57 MP: 2/12
  5677 | D:5      | Shot with an arrow by a centaur

Skill      XL: |  1  2  3  4  5  6 |
---------------+-------------------+-----
Spellcasting   | 2 3 |  3.8
Necromancy     | 5 6 7 |  7.7
Fighting       | 1 |  1.1
Dodging        | |  2.9
Stealth        | |  2.4

Action                   |  1- 3 |  4- 6 |  7- 9 || total
-------------------------+-------+-------+-------++-------
Melee: Short sword       |    25 |    91 |     6 ||   122
 Cast: Pain              |    47 |    53 |       ||   100
       Vampiric Draining |    10 |    46 |     4 ||    60
       Animate Dead      |       |     1 |       ||     1
  Use: Scroll            |       |     2 |       ||     2
  Eat: Chunk             |     5 |    10 |     2 ||    17
       Meat ration       |       |     1 |       ||     1
Armor: Robe              |     4 |    35 |       ||    39
Dodge: Dodged            |    34 |   100 |     5 ||   139
